Map: King Sejong Station LE

Players

Nickos

  • Race: Terran Terran
  • League: Gold

PonyLord - Winner!

  • Race: Zerg Zerg

VOD

Have the link to the VOD?

Description

Time

  • Played on: Oct. 1, 2016, 6:16 p.m.
  • Length: 4:30
Show
View Real Time Build Order
Export as new Build Order

Nickos Terran 

Build Orders: Reaper Expand 

Get SALT Encoding   

  12  0:01  SCV  
  13  0:13  SCV  
  14  0:19  Supply Depot  
  14  0:25  SCV  
  15  0:40  SCV  
  15  0:41  Barracks  
  16  0:45  Refinery  
  16  0:52  SCV  
  17  1:04  SCV  
  18  1:16  SCV  
  19  1:30  Reaper  
  19  1:32  Orbital Command  
  20  1:42  Command Center  
  20  1:52  Barracks  
  20  1:59  SCV  
  21  2:06  Supply Depot  
  21  2:12  SCV  
  21  2:14  Barracks Reactor  
  22  2:24  SCV  
  22  2:28  Factory  
  23  2:31  Refinery  
  23  2:36  SCV  
  24  2:46  Barracks Tech Lab  
  24  2:48  SCV  
  25  2:53  Marine x2  
  25  2:57  Orbital Command  
  27  3:04  SCV  
  28  3:10  Marine  
  28  3:11  Marine  
  30  3:27  SCV x2  
  32  3:35  Starport  
  32  3:42  Marine  
  32  3:43  Marine x2  
  32  3:47  Bunker  
  35  3:50  SCV  
  35  3:51  SCV  
  37  3:58  Widow Mine  
  37  4:03  Marine x3, SCV  
Show
View Real Time Build Order
Export as new Build Order

PonyLord Zerg - Winner!

Build Orders: Hatch First 

Get SALT Encoding   

  12  0:01  Drone  
  13  0:09  Drone  
  14  0:17  Extractor  
  14  0:18  Drone, Extractor  
  13  0:22  Drone  
  16  0:44  Hatchery  
  16  0:49  Overlord  
  15  1:03  Spawning Pool  
  14  1:07  Drone  
  14  1:09  Drone  
  16  1:14  Drone  
  17  1:23  Drone  
  18  1:28  Extractor  
  18  1:29  Drone  
  18  1:40  Drone  
  18  1:45  Extractor  
  18  1:50  Overlord  
  19  1:57  Drone  
  19  1:59  Queen x2  
  24  2:01  Drone  
  25  2:08  Drone  
  26  2:19  Drone  
  26  2:20  Drone  
  28  2:23  Overlord  
  28  2:31  Metabolic Boost  
  28  2:47  Zergling x2  
  28  2:48  Zergling x6  
  28  2:51  Zergling x2  
  33  3:02  Zergling x4  
  35  3:06  Zergling x2  
  35  3:12  Baneling Nest  
  35  3:19  Zergling x14  
  42  3:34  Drone  
  42  3:35  Drone, Overlord  
  44  3:42  Hatchery  
  35  4:11  Drone x4  
  35  4:12  Drone x3  
Tags
 
Add a new tag
Caveats
  • Supply blocks, unpowered buildings, or Contaminate may cause inaccurate times.
  • Supply counts are checked every 10 seconds.